Kai, chaotic female human Wizard --------- ------------- |.......| .`.........*| ##........| |.....*.....| # |.......| |...-----...|############|.<.....| |.....{.|...|# # |.......| |..*|{.{|*..|# --------- |..s| {.|...|# |..@-----...|# ......*.....|# |*.........*.`# -------------# Kai the Conjurer Experience level: 4 Strength: 11 Dexterity: 12 Constitution: 13 Intelligence: 18 Wisdom: 11 Charisma: 11 Health: 0(36) Energy: 3(36) Def: 1 Gold: 621 Moves: 1203 Dungeon seed: Zk5PxW5n0e2JAnkT Game ID: Kai_1435203232 Your Inventory: Coins $ - 621 gold pieces Weapons A - a blessed +1 quarterstaff (weapon in hands) Armor e - an uncursed +0 cloak of magic resistance (being worn) Comestibles o - 2 uncursed bananas p - 5 uncursed food rations t - an uncursed tripe ration w - 2 uncursed pancakes G - an uncursed partly eaten food ration Scrolls i - an uncursed scroll of enchant armor j - 2 uncursed scrolls of light C - an uncursed scroll of food detection E - an uncursed scroll of create monster F - a blessed scroll of confuse monster H - an uncursed scroll of magic mapping J - a blessed scroll of teleportation Spellbooks k - a blessed spellbook of force bolt l - a blessed spellbook of magic missile n - an uncursed spellbook of identify D - an uncursed spellbook of restore ability Potions f - an uncursed potion of blindness g - an uncursed potion of enlightenment h - an uncursed potion of gain energy u - an uncursed potion of confusion z - an uncursed potion of extra healing B - an uncursed potion of object detection Rings s - an uncursed ring of stealth x - an uncursed ring of slow digestion I - an uncursed ring of invisibility T - an uncursed ring of teleport control Wands b - an uncursed wand of magic missile (0:5) y - an uncursed wand of enlightenment (0:11) Tools m - an uncursed magic marker (0:43) Gems q - 2 uncursed worthless pieces of yellowish brown glass r - an uncursed worthless piece of violet glass Spells known in the end: Name Level Category Fail Memory a - force bolt 1 attack 0% 94% b - magic missile 2 attack 0% 94% c - identify 3 divination 85% 94% Your skills at the end: Fighting Skills Weapon Skills quarterstaff [Basic] Spellcasting Skills attack spells [Basic] enchantment spells [Basic] Final Attributes: You were piously aligned. You were magic-protected. You are dead. Vanquished creatures: a rock piercer a shrieker a gnome lord a kitten a dwarf 2 iguanas a large kobold a hobgoblin 6 giant rats a yellow mold 3 jackals a fox a goblin 4 grid bugs a lichen 26 creatures vanquished. Voluntary challenges: You followed a strict vegan diet. You were an atheist. You used a wielded weapon 38 times, starting on turn 21. You were illiterate. You never genocided any monsters. You never polymorphed an object. You never changed form. You used no wishes. You never split a pudding. You never wrote Elbereth's name. You never violated your personal moral code. Dungeon overview: The Dungeons of Doom: levels 1 to 8 Level 1 a fountain a long staircase Level 2 a fountain Level 3 a fountain Level 4 stairs to The Gnomish Mines Level 5 some fountains Level 6 Level 7 Level 8 <- You were here many fountains The Gnomish Mines: Level 5 stairs to The Dungeons of Doom History has recorded: On T:1 you entered the Dungeons of Doom to retrieve the Amulet of Yendor! On T:171 you reached level 2 of The Dungeons of Doom. On T:249 you reached level 3 of The Dungeons of Doom. On T:403 you reached level 4 of The Dungeons of Doom. On T:468 you reached level 1 of The Gnomish Mines. On T:473 you advanced to experience level 2. On T:508 you reached level 5 of The Dungeons of Doom. On T:683 you reached level 6 of The Dungeons of Doom. On T:837 you advanced to experience level 3. On T:900 you reached level 7 of The Dungeons of Doom. On T:918 you advanced to experience level 4. On T:1087 you reached level 8 of The Dungeons of Doom. Score breakdown: Gold: 621 ( 9503 points) Experience: 4 levels ( 9649 points) Exploration: 8 levels ( 16.33%) (11456 points) Discoveries: 0 items ( 0.00%) ( 0 points) Valuables value: (no points given unless you survive) Artifact value: 0 ( 0 points) Variety of kills: 15 monsters ( 3.96%) ( 5968 points) Time penalty: 1203 turns ( 0 points) Survival: died (score multiplied by 80%) Total score: 29260 Latest messages: The spell hits the giant spider! The giant spider bites! You die... Final status: Goodbye Kai the Wizard, killed by a giant spider... You died in The Dungeons of Doom on dungeon level 8 with 29260 points, and 621 pieces of gold, after 1203 moves. You were level 4 with a maximum of 36 hit points when you died.